Map: [ESL] Data-C

Players

Ukko - Winner!

  • Race: Zerg Zerg
  • Spawn Location: 9:00

Creature

  • Race: Protoss Protoss
  • Spawn Location: 3:00

Event: DreamHack SC2 Masters 2022 Atlanta (Online)

VOD

Have the link to the VOD?

Description

Time

  • Played on: Oct. 4, 2022, 3:51 p.m.
  • Length: 9:52

All games in this series

Show
View Real Time Build Order
Export as new Build Order

Ukko Zerg - Winner!

Build Orders: Hatch First 

Get SALT Encoding   

  12  0:00  Drone  
  13  0:13  Overlord  
  13  0:17  Drone  
  14  0:32  Drone x2  
  16  0:49  Hatchery  
  15  0:52  Drone  
  15  0:55  Drone  
  17  0:59  Drone  
  18  1:07  Extractor  
  17  1:15  Spawning Pool  
  16  1:19  Drone  
  16  1:23  Drone  
  18  1:29  Drone  
  20  1:40  Drone  
  20  1:50  Overlord  
  20  2:03  Queen x2  
  20  2:04  Zergling x2  
  20  2:05  Zergling x2  
  26  2:11  Metabolic Boost  
  26  2:16  Drone  
  26  2:17  Drone  
  28  2:25  Drone x2  
  30  2:39  Hatchery  
  29  2:45  Queen  
  29  2:48  Drone  
  29  2:50  Drone  
  33  2:54  Overlord  
  33  2:56  Drone  
  34  2:59  Drone  
  34  3:01  Drone  
  36  3:06  Overlord  
  36  3:16  Queen  
  36  3:18  Drone x3  
  41  3:20  Drone  
  41  3:24  Drone  
  41  3:25  Overlord  
  43  3:28  Drone  
  43  3:30  Drone  
  45  3:35  Queen  
  45  3:40  Zergling x2  
  48  3:43  Drone x2  
  48  3:46  Evolution Chamber  
  48  3:47  Spore Crawler, Drone  
  49  3:50  Spore Crawler  
  49  3:54  Drone x2  
  51  3:55  Drone  
  51  3:58  Drone  
  51  4:00  Overlord  
  52  4:03  Drone  
  52  4:09  Drone x3  
  55  4:12  Zerg Melee Weapons Level 1  
  55  4:14  Drone x2  
  57  4:18  Queen  
  57  4:21  Spore Crawler  
  57  4:22  Drone  
  59  4:24  Drone  
  59  4:27  Drone x2  
  62  4:31  Drone x2  
  62  4:33  Zergling x4  
  62  4:38  Overlord  
  66  4:55  Overlord x4  
  66  4:56  Drone x2  
  66  4:57  Drone x5  
  72  5:08  Hatchery  
  72  5:09  Zergling x4  
  72  5:10  Overlord  
  72  5:11  Baneling Nest  
  72  5:12  Zergling x2  
  73  5:15  Zergling x4  
  73  5:19  Zergling x6  
  78  5:26  Queen, Extractor  
  79  5:33  Zergling x18  
  88  5:42  Drone  
  88  5:46  Drone  
  88  5:48  Overlord x2  
  89  5:50  Zergling x6  
  89  5:51  Zergling x2  
  89  5:53  Hatchery  
  92  5:59  Zergling x14  
  99  6:05  Drone  
  99  6:09  Drone x2  
  99  6:10  Roach Warren, Extractor  
  94  6:12  Spore Crawler  
  94  6:15  Drone  
  94  6:17  Drone x4  
  94  6:21  Lair  
  94  6:22  Zerg Missile Weapons Level 1  
  94  6:24  Drone x3  
  94  6:25  Drone x2  
  98  6:30  Drone x4  
  103  6:34  Drone x2  
  103  6:35  Drone x2  
  103  6:41  Drone  
  103  6:42  Drone  
  103  6:44  Drone, Extractor  
  103  6:45  Extractor  
  103  6:46  Drone x3  
  107  6:55  Overlord x3  
  106  7:06  Roach x12  
  130  7:12  Roach x2  
  134  7:16  Roach x4  
  134  7:17  Baneling  
  134  7:18  Baneling x5  
  134  7:20  Roach  
  134  7:21  Overlord x2  
  144  7:23  Drone x3  
  144  7:24  Drone  
  144  7:26  Roach x2  
  144  7:27  Roach  
  154  7:31  Glial Reconstitution  
  154  7:34  Zergling x8, Roach  
  154  7:35  Zergling x2  
  161  7:42  Roach x4  
  169  7:49  Roach x4  
  163  8:00  Zergling x30  
  176  8:07  Centrifugal Hooks  
  173  8:13  Zergling x18  
  173  8:18  Baneling x4  
  181  8:20  Hatchery  
  181  8:21  Zergling x2  
  181  8:22  Overlord  
  181  8:23  Overlord x2  
  168  8:34  Zergling x24  
  165  8:42  Zergling x18  
  165  8:48  Zergling x10  
  168  8:56  Overseer  
  168  8:58  Zergling x6  
  168  8:59  Zergling x8  
  175  9:05  Zergling x8  
  175  9:08  Baneling x12  
  179  9:15  Zergling x24  
  179  9:21  Zergling x10  
  176  9:26  Zergling x10  
  173  9:35  Zergling x12  
  174  9:39  Extractor x2  
  179  9:46  Spire  
Show
View Real Time Build Order
Export as new Build Order

Creature Protoss 

Build Orders: 1 Gate Expand, Oracle Opening, Zealot Archon 

Get SALT Encoding   

  12  0:00  Probe  
  13  0:12  Probe  
  14  0:18  Pylon  
  14  0:24  Probe  
  15  0:36  Gateway  
  15  0:38  Probe (Chrono Boost)  
  16  0:48  Probe (Chrono Boost), Assimilator  
  17  0:53  Probe (Chrono Boost)  
  18  1:05  Probe  
  19  1:17  Probe  
  20  1:24  Nexus  
  20  1:34  Cybernetics Core  
  20  1:38  Probe  
  21  1:46  Assimilator  
  21  1:51  Pylon  
  21  1:53  Probe  
  22  2:03  Probe  
  22  2:08  Adept (Chrono Boost)  
  23  2:12  Probe  
  25  2:20  Probe  
  26  2:24  Stargate  
  26  2:29  Warp Gate  
  27  2:33  Probe (Chrono Boost)  
  27  2:36  Probe (Chrono Boost)  
  31  2:41  Stalker  
  31  2:48  Probe (Chrono Boost)  
  31  2:50  Probe (Chrono Boost)  
  33  2:53  Probe (Chrono Boost)  
  33  2:56  Probe (Chrono Boost)  
  35  2:59  Gateway  
  35  3:03  Probe  
  36  3:07  Oracle (Chrono Boost)  
  36  3:08  Probe  
  40  3:15  Probe  
  41  3:21  Probe  
  41  3:26  Pylon  
  42  3:28  Probe  
  43  3:38  Nexus  
  43  3:39  Probe  
  44  3:44  Probe, Pylon  
  44  3:47  Oracle (Chrono Boost)  
  45  3:51  Probe  
  49  3:56  Probe  
  49  4:00  Assimilator  
  50  4:03  Probe  
  50  4:04  Assimilator, Pylon  
  50  4:08  Probe  
  52  4:14  Twilight Council  
  52  4:15  Forge  
  53  4:17  Probe (Chrono Boost)  
  53  4:25  Robotics Facility  
  53  4:26  Probe (Chrono Boost)  
  53  4:30  Adept  
  57  4:33  Shield Battery  
  57  4:35  Probe (Chrono Boost)  
  57  4:36  Probe (Chrono Boost)  
  58  4:38  Protoss Ground Weapons Level 1  
  58  4:41  Probe x2 (Chrono Boost)  
  60  4:48  Charge (Chrono Boost)  
  60  4:52  Probe  
  61  4:53  Probe  
  61  4:54  Probe  
  63  5:04  Probe  
  63  5:05  Gateway, Probe  
  63  5:06  Probe  
  66  5:08  Gateway  
  66  5:16  Probe  
  66  5:19  Templar Archives  
  66  5:21  Gateway  
  67  5:22  Gateway  
  67  5:23  Probe x2, Pylon  
  69  5:28  Probe  
  69  5:31  Zealot  
  72  5:36  Probe  
  72  5:37  Probe  
  72  5:41  Zealot  
  72  5:42  Warp Prism (Chrono Boost), Probe  
  77  5:43  Pylon  
  77  5:49  Gateway  
  79  5:53  Gateway  
  79  5:55  Assimilator  
  79  5:56  Assimilator  
  79  5:58  Probe x2  
  79  6:01  Pylon  
  81  6:04  Zealot x3  
  85  6:11  Probe  
  85  6:13  Probe  
  81  6:20  Gateway  
  81  6:21  Gateway  
  81  6:23  Gateway  
  81  6:24  Pylon  
  81  6:31  Gateway  
  81  6:36  Zealot x3  
  81  6:38  High Templar x3  
  87  6:42  Archon  
  87  6:44  Protoss Ground Weapons Level 2 (Chrono Boost)  
  87  6:45  Observer  
  88  6:52  Pylon  
  88  7:00  Probe  
  89  7:05  Probe  
  90  7:09  Blink (Chrono Boost), High Templar  
  90  7:10  High Templar x2  
  90  7:11  Zealot x2, High Templar  
  102  7:16  Archon  
  102  7:17  Archon  
  102  7:18  Zealot x3  
  108  7:25  High Templar  
  109  7:30  Archon  
  109  7:38  Probe  
  109  7:39  Nexus  
  109  7:40  Pylon  
  109  7:42  Pylon  
  110  7:45  Pylon  
  110  7:53  Zealot x6  
  110  7:54  Zealot  
  94  8:01  Immortal (Chrono Boost)  
  90  8:05  High Templar x3  
  90  8:06  Zealot x3  
  102  8:15  Zealot x3, Archon, High Templar  
  102  8:17  Probe  
  111  8:20  Pylon  
  111  8:21  Archon, Pylon  
  111  8:23  Shield Battery  
  111  8:26  Photon Cannon  
  111  8:30  Zealot x3  
  111  8:32  Immortal (Chrono Boost)  
  109  8:34  Shield Battery  
  109  8:35  Photon Cannon  
  109  8:40  Zealot x6  
  101  8:44  Probe  
  101  8:45  Oracle (Chrono Boost)  
  82  8:56  High Templar x2  
  82  8:57  Zealot x2, Probe  
  82  9:00  Archon, Immortal (Chrono Boost)  
  82  9:02  Zealot x4  
  97  9:03  Zealot  
  105  9:13  Probe  
  105  9:15  Zealot  
  102  9:17  Zealot x4  
  102  9:23  Zealot x3  
  97  9:27  Zealot  
  97  9:30  High Templar x3  
  97  9:34  Archon  
  79  9:42  High Templar x2  
  79  9:43  Zealot  
  74  9:46  Archon  
Tags
 
Add a new tag
Caveats
  • Supply blocks, unpowered buildings, or Contaminate may cause inaccurate times.
  • Supply counts are checked every 10 seconds.